 Dungeon Crawl Stone Soup version 0.27.0-1-g7a089689b8 (webtiles) character file.

Game seed: 13514769987487032460

3062 drn the Grappler (level 9, -7/75 HPs)
             Began as a Troll Monk on Aug 11, 2021.
             Was a Believer of Hepliaklqana.
             Killed by divine providence
             ... invoked by an orc priest
              (11 damage)
             ... on level 7 of the Dungeon.
             The game lasted 01:07:26 (5967 turns).

drn the Grappler (Troll Monk)                       Turns: 5967, Time: 01:07:27

Health: -7/75      AC: 11    Str: 21    XL:     9   Next: 57%
Magic:  8/8        EV: 12    Int:  9    God:    Hepliaklqana [**....]
Gold:   297        SH:  0    Dex: 21    Spells: 8/8 levels left

rFire    . . .     SeeInvis +     - Unarmed
rCold    . . .     Faith    .   (no shield)
rNeg     . . .     Spirit   .   f - +0 acid dragon scales
rPois    .         Reflect  .   (helmet restricted)
rElec    .         Harm     .   v - +2 cloak {Stlth+}
rCorr    +         Rampage  .   (gloves unavailable)
Will     .....                  (boots unavailable)
Stlth    +++.......             (no amulet)
HPRegen  1.22/turn              F - +6 ring of dexterity
MPRegen  0.11/turn              G - ring of Contentment {Int+3 SInv}

@: studying Translocations
A: reduced essence, large, unfitting armour, claws 3, regeneration 1, shaggy fur
1, tough skin 1
a: Renounce Religion, Recall Ancestor, Ancestor Identity


You were on level 7 of the Dungeon.
You worshipped Hepliaklqana.
Hepliaklqana was pleased with you.
You visited 2 branches of the dungeon, and saw 8 of its levels.

You collected 999 gold pieces.
You spent 702 gold pieces at shops.

Inventory:

Hand Weapons
 b - a +2 dagger of electrocution
 e - a +1 flail of draining
 h - a +0 mace
 q - a +0 club
 w - a +1 hand axe of venom
 A - a +0 giant club
 H - a +2 dagger of venom
Missiles
 s - 16 sling bullets
 B - 3 throwing nets (quivered)
Armour
 a - a +1 robe
 f - +0 acid dragon scales (worn)
 o - the +0 tower shield of Paegg {Will+ Str+3}
   (You acquired it on level 4 of the Dungeon)

   Str:       It affects your strength (+3).
   Will:      It increases your willpower.
 v - a +2 cloak of stealth (worn)
Magical Staves
 K - a staff of cold
Jewellery
 l - a ring of flight
 F - a +6 ring of dexterity (left claw)
 G - the ring of Contentment (right claw) {Int+3 SInv}
   (You acquired it on level 4 of the Dungeon)

   [ring of see invisible]

   Int:       It affects your intelligence (+3).
   SInv:      It lets you see invisible.
Wands
 r - a wand of charming (9)
 u - a wand of mindburst (10)
 x - a wand of iceblast (15)
Scrolls
 d - 2 scrolls of teleportation
 n - 2 scrolls of magic mapping
 y - 3 scrolls of identify {unknown}
 z - a scroll of amnesia {unknown}
 L - a scroll of enchant weapon {unknown}
Potions
 c - a potion of heal wounds {unknown}
 g - 2 potions of resistance {unknown}
 i - 2 potions of lignification {unknown}
 j - a potion of cancellation {unknown}
 k - 2 potions of attraction {unknown}
 m - a potion of haste {unknown}
 p - 3 potions of flight {unknown}
 t - a potion of invisibility {unknown}
 C - a potion of berserk rage {unknown}
 D - a potion of magic {unknown}
 E - 2 potions of mutation {unknown}
 I - a potion of degeneration {unknown}
 J - a potion of brilliance {unknown}


   Skills:
 + Level 4.3 Fighting
 + Level 0.2 Short Blades
 + Level 1.9 Axes
 + Level 1.6 Armour
 + Level 5.4 Dodging
 + Level 3.1 Stealth
 + Level 10.0 Unarmed Combat


You had 8 spell levels left.
You didn't know any spells.
Your spell library contained the following spells:

 Spells                   Type           Power      Damage    Failure   Level
 Sting                    Tmut/Pois      0%         1d3       45%         1
 Summon Small Mammal      Summ           0%         N/A       45%         1
 Poisonous Vapours        Pois/Air       0%         N/A       61%         2
 Call Canine Familiar     Summ           0%         N/A       83%         3
 Frozen Ramparts          Ice            0%         1d2       83%         3
 Portal Projectile        Hex/Tloc       0%         N/A       83%         3
 Stone Arrow              Conj/Erth      0%         3d7       83%         3
 Summon Guardian Golem    Hex/Summ       0%         N/A       83%         3
 Ice Form                 Ice/Tmut       0%         N/A       99%         4
 Olgreb's Toxic Radiance  Pois           0%         N/A       99%         4
 Summon Ice Beast         Ice/Summ       0%         N/A       99%         4
 Blade Hands              Tmut           0%         N/A       100%        5
 Bolt of Magma            Conj/Fire/Erth 0%         4d4       100%        5
 Excruciating Wounds      Necr           0%         N/A       100%        5
 Shatter                  Erth           0%         3d5*      100%        9


Dungeon Overview and Level Annotations

Branches:
Dungeon (7/15)             Temple (1/1) D:7

Altars:
Cheibriados
Dithmenos
Elyvilon
Fedhas
Gozag
Hepliaklqana
Qazlal
Ru
Trog
Wu Jian
Zin

Shops:
D:4 =


Innate Abilities, Weirdness & Mutations

Your life essence is reduced to manifest your ancestor. (-10% HP)
You are too large for most types of armour.
You have claws for hands.
Your natural rate of healing is unusually fast.
You are covered in fur. (AC +1)
You have tough skin. (AC +1)


Message History

The gnoll dies!
You're too confused to move!
You feel less confused.
You feel sick.
The orc priest begins to cast a cantrip, but forgets the words!
Melek hits the kobold with a +0 flail.
The kobold dies!
You feel sick.
You feel sick.
You are no longer poisoned.
The gnoll shaman calls upon its god to speed up the gnoll sergeant.
The gnoll sergeant seems to speed up.
There is an open door here.
The gnoll sergeant hits you from afar with a +0 spear.
* * * LOW HITPOINT WARNING * * *
The gnoll sergeant hits you from afar with a +0 spear.
* * * LOW HITPOINT WARNING * * *
There is an open gate here.
The gnoll sergeant hits you but does no damage.
The orc priest casts a cantrip, but nothing happens.
The gnoll sergeant closely misses you.
The gnoll sergeant hits you from afar with a +0 spear.
* * * LOW HITPOINT WARNING * * *
Aiming: Charm
Press: ? - help, Shift-Dir - straight line, f - gnoll sergeant
Aim: a gnoll sergeant, wielding a +0 spear, wearing a +0 ring mail and wearing a +0 kite shield (lightly wounded, fast, chance to affect: 46%)
The gnoll sergeant resists with some effort.
The gnoll sergeant barely misses you.
The gnoll sergeant hits you but does no damage.
Aiming: Charm
Press: ? - help, Shift-Dir - straight line, f/p - gnoll sergeant
Aim: a gnoll sergeant, wielding a +0 spear, wearing a +0 ring mail and wearing a +0 kite shield (lightly wounded, fast, chance to affect: 46%)
The gnoll sergeant resists with some effort.
The gnoll sergeant hits you from afar with a +0 spear.
* * * LOW HITPOINT WARNING * * *
The gnoll sergeant hits you from afar with a +0 spear.
* * * LOW HITPOINT WARNING * * *
The orc priest calls down the wrath of Beogh upon you.
Beogh smites you!
You die...

##...PPPPP#'''## ######## .
#...P♣PPP♣....♣♣♣♣P..♣♣♣###
#.....P♣P.....PP♣PP..P♣P♣.♣♣
##....P.P.....P♣P♣P....P.P♣P
##............)............
####....o.................
#......g...........#....
#..........#.......#....
##.....@..###.##+####..#
#+#############..###..#
#.............
#.............
#.............
#........#####
######...##..# ##.
########..##........
.......................


You could see a gnoll sergeant (fast) and an orc priest.

Vanquished Creatures
  An unseen horror (D:6)
  Prince Ribbit (D:5)
  A steam dragon (D:7)
  Edmund (D:6)
  An acid dragon (D:6)
  A water moccasin (D:7)
  An orc warrior (D:7)
  An ice beast (D:6)
  A sky beast (D:5)
  3 ogres
  A centaur (D:4)
  2 bullfrogs
  2 water moccasin zombies
  A water moccasin skeleton (D:4)
  2 centaur zombies
  A jelly (D:5)
  5 hounds
  A bullfrog skeleton (D:6)
  4 orc priests
  2 iguanas
  Jessica (D:2)
  A gnoll shaman (D:7)
  11 orc wizards
  Ijyb (D:5)
  7 gnolls
  6 adders
  A white imp (D:5)
  An ufetubus (D:5)
  2 worms
  A dart slug (D:5)
  21 orcs
  2 ball pythons
  9 endoplasms
  2 giant cockroaches
  5 goblins
  10 hobgoblins
  8 jackals (D:1)
  3 quokkas
  2 bats
  3 frilled lizards
  10 kobolds
  5 rats
  A bush (D:2)
146 creatures vanquished.

Vanquished Creatures (collateral kills)
  A gnoll sergeant (D:7)
  A scorpion (D:7)
  2 orc wizards (D:7)
  4 gnolls (D:7)
  4 orcs (D:7)
  A hobgoblin (D:7)
  2 kobolds (D:7)
15 creatures vanquished.

Vanquished Creatures (others)
  3 fungi (D:2)
  17 plants
  5 toadstools (D:1)
25 creatures vanquished.

Grand Total: 186 creatures vanquished

Notes
Turn   | Place    | Note
-------+----------+-------------------------------------------
     0 | D:1      | drn the Troll Monk began the quest for the Orb.
     0 | D:1      | Reached XP level 1. HP: 22/22 MP: 0/0
   234 | D:1      | Reached XP level 2. HP: 29/29 MP: 1/1
   266 | D:1      | Noticed an eye of devastation
   268 | D:1      | Found a faded altar of an unknown god.
   277 | D:1      | Noticed a floating eye
   279 | D:1      | Noticed a golden eye
   279 | D:1      | Noticed an eye of devastation
   515 | D:1      | Reached XP level 3. HP: 36/36 MP: 2/2
   803 | D:2      | Noticed Jessica
   813 | D:2      | Killed Jessica
   814 | D:2      | Reached XP level 4. HP: 36/44 MP: 3/3
  1596 | D:3      | Reached skill level 4 in Unarmed Combat
  1612 | D:3      | Reached XP level 5. HP: 53/53 MP: 4/4
  2097 | D:3      | Found an ornate altar of the Wu Jian Council.
  2685 | D:5      | Entered Level 5 of the Dungeon
  2687 | D:5      | Noticed a centaur
  2704 | D:4      | Killed a centaur
  2705 | D:4      | Reached skill level 5 in Unarmed Combat
  2705 | D:4      | Reached XP level 6. HP: 9/61 MP: 5/5
  2918 | D:4      | Found Ditiruantu's Jewellery Boutique.
  3105 | D:5      | Reached XP level 7. HP: 63/67 MP: 6/6
  3237 | D:5      | Reached skill level 6 in Unarmed Combat
  3282 | D:5      | Noticed Prince Ribbit
  3296 | D:5      | Killed Prince Ribbit
  3439 | D:5      | Reached skill level 7 in Unarmed Combat
  3439 | D:5      | Reached XP level 8. HP: 66/78 MP: 7/7
  3547 | D:5      | Noticed Ijyb
  3559 | D:5      | Killed Ijyb
  3780 | D:5      | Reached skill level 1 in Axes
  3935 | D:5      | Identified 3 scrolls of acquirement
  3935 | D:5      | Acquired 690 gold pieces
  4399 | D:4      | Bought a +6 ring of dexterity for 702 gold pieces
  4399 | D:4      | Acquired the ring of Contentment {Int+3 SInv}
  4413 | D:4      | Acquired the +0 tower shield of Paegg {Will+ Str+3}
  4493 | D:6      | Noticed Edmund
  4505 | D:6      | Killed Edmund
  4551 | D:6      | Reached skill level 8 in Unarmed Combat
  4678 | D:6      | Noticed an unseen horror
  4708 | D:6      | Reached skill level 5 in Dodging
  4713 | D:6      | Killed an unseen horror
  4714 | D:6      | Reached XP level 9. HP: 24/84 MP: 8/8
  4888 | D:6      | Reached skill level 9 in Unarmed Combat
  4963 | D:6      | Found a faded altar of an unknown god.
  4963 | D:6      | Found a hazy altar of Hepliaklqana.
  4965 | D:6      | Found a faded altar of an unknown god.
  4988 | D:6      | Became a worshipper of Hepliaklqana the Forgotten
  4988 | D:6      | Reached * piety under Hepliaklqana
  4988 | D:6      | Reached ** piety under Hepliaklqana
  4994 | D:6      | Remembered your ancestor Melek as a knight
  5100 | D:7      | Found a staircase to the Ecumenical Temple.
  5107 | Temple   | Entered the Ecumenical Temple
  5667 | D:7      | Reached skill level 1 in Armour
  5940 | D:7      | Reached skill level 10 in Unarmed Combat
  5956 | D:7      | HP: 1/75 [gnoll sergeant (6)]
  5965 | D:7      | HP: 1/75 [gnoll sergeant (4)]
  5967 | D:7      | Killed from afar by an orc priest

Illustrated notes

Levels and vault maps discovered:
D:1:      ldierk_walled_garden, layout_loops_cross,
          hellmonk_ecumenical_altar_watching_god, kennysheep_boxes
D:2:      layout_basic, serial_forest, infiniplex_forest_lined_4_way,
          infiniplex_forest_lined_1, infiniplex_forest_clump_C,
          infiniplex_forest_lined_1, infiniplex_forest_straight_3,
          infiniplex_forest_clump_small, infiniplex_forest_lined_corner,
          infiniplex_forest_clump_C, uniq_jessica, uniq_crazy_yiuf_cottage
D:3:      layout_loops_ring, mainiacjoe_overflow_cross_hatched
D:4:      layout_basic, serial_shops, kennysheep_mini
D:5:      layout_basic, st_stairs_6, minmay_a_box_with_orc_wizards_in_it,
          uniq_prince_ribbit1, uniq_ijyb
D:6:      layout_basic, nicolae_hepliaklqana_ecumenical_no_more, serial_shops,
          nicolae_shop_window_shopping, minmay_manual_monstrance, uniq_edmund
D:7:      kennysheep_housing_project, layout_gridville, minmay_temple_entry_hall
Temple:   grunt_temple_mini_profane

Skill      XL: |  1  2  3  4  5  6  7  8  9 |
---------------+----------------------------+-----
Dodging        | 3 4 5 |  5.4
Unarmed Combat | 4 5 7 8 10 | 10.0
Fighting       | 3 4 |  4.3
Stealth        | 2 3 |  3.1
Axes           | 1 |  1.9
Armour         | 1 |  1.6
Short Blades   | |  0.2

Action                   |  1- 3 |  4- 6 |  7- 9 || total
-------------------------+-------+-------+-------++-------
Melee: Unarmed           |    66 |   202 |   219 ||   487
       Punch             |     1 |     5 |    18 ||    24
       Dagger            |     6 |     3 |       ||     9
       Hand axe          |       |       |    28 ||    28
Invok: Ancestor Life: Kn |       |       |     1 ||     1
       Ancestor Identity |       |       |     1 ||     1
Evoke: Wand              |       |       |     2 ||     2
  Use: Scroll            |       |       |     9 ||     9
 Stab: Sleeping          |       |     1 |     3 ||     4
       Distracted        |       |     1 |       ||     1
Armor: Robe              |    29 |    47 |    34 ||   110
       Acid dragon scale |       |       |    39 ||    39
Dodge: Dodged            |    40 |    84 |   111 ||   235
